 Dungeon Crawl Stone Soup version 0.29.1-1-gd02db6906a (webtiles) character file.

Game seed: 13051395152129955493

1301 groxkiller the Carver (level 8, -4/71 HPs)
             Began as a Minotaur Berserker on Sept 29, 2022.
             Was a Believer of Trog.
             Shot with a sling bullet by Joseph (10 damage)
             ... on level 7 of the Dungeon.
             The game lasted 01:02:55 (7124 turns).

groxkiller the Carver (Minotaur Berserker)          Turns: 7124, Time: 01:02:56

Health: -4/71      AC: 11    Str: 24    XL:     8   Next: 31%
Magic:  16/16      EV:  7    Int:  8    God:    Trog [**....]
Gold:   411        SH:  7    Dex:  8    Spells: 7/7 levels left

rFire   . . .      SeeInvis .   a - +3 falchion
rCold   . . .      Faith    .   t - +0 kite shield
rNeg    . . .      Spirit   .   o - +0 chain mail
rPois   +          Reflect  .   (helmet restricted)
rElec   .          Harm     .   (no cloak)
rCorr   .          Rampage  .   e - +0 pair of gloves
Will    +....                   (no boots)
Stlth   ..........              x - amulet of regeneration
HPRegen 1.81/turn               l - ring of magical power
MPRegen 0.15/turn               r - ring of willpower

@: on berserk cooldown, slowed, very slow
A: horns 2, retaliatory headbutt, clever 1, poison resistance, regeneration 1
a: Renounce Religion, Berserk, Trog's Hand


You were on level 7 of the Dungeon.
You worshipped Trog.
Trog was pleased with you.
You visited 2 branches of the dungeon, and saw 8 of its levels.
You also visited: Sewer.

You collected 411 gold pieces.

Inventory:

Hand Weapons
 a - a +3 falchion (weapon)
Missiles
 c - 20 stones (quivered)
 z - 5 poisoned darts
Armour
 e - a +0 pair of gloves (worn)
 o - a +0 chain mail (worn)
 t - a +0 kite shield (worn)
Jewellery
 l - a ring of magical power (left hand)
 r - a ring of willpower (right hand)
 u - an amulet of the acrobat
 v - an amulet of faith
 x - an amulet of regeneration (around neck)
Wands
 h - a wand of roots (10)
 n - a wand of polymorph (13)
Scrolls
 f - a scroll of fog
 k - 3 scrolls of silence {unknown}
 w - a scroll of vulnerability
 y - a scroll of teleportation
Potions
 d - 2 potions of invisibility
 g - a potion of flight
 i - a potion of magic
 j - 2 potions of resistance
 m - 2 potions of degeneration
 p - 2 potions of brilliance
 q - 2 potions of attraction
 s - 2 potions of haste


   Skills:
 + Level 6.6 Fighting
 + Level 8.2 Long Blades
 + Level 0.3 Throwing
 + Level 6.7 Armour
 + Level 3.5 Dodging
 + Level 0.8 Stealth
 + Level 2.4 Shields
 + Level 0.2 Evocations


You had 7 spell levels left.
You didn't know any spells.
Your spell library contained the following spells:

 Spells                   Type           Power      Damage    Failure   Level
 Ignite Poison            Fire/Tmut/Pois 0%         N/A       100%        3
 Mephitic Cloud           Conj/Pois/Air  0%         N/A       100%        3
 Summon Guardian Golem    Hex/Summ       0%         N/A       100%        3
 Freezing Cloud           Conj/Ice/Air   0%         6-21      100%        5
 Orb of Destruction       Conj           0%         9d5       100%        7
 Spellforged Servitor     Conj/Summ      0%         N/A       100%        7


Dungeon Overview and Level Annotations

Branches:
Dungeon (7/15)             Temple (1/1) D:5           Sewer (visited)

Altars:
Ashenzari
Cheibriados
Dithmenos
Elyvilon
Fedhas
Gozag
Hepliaklqana
Kikubaaqudgha
Nemelex Xobeh
Okawaru
Qazlal
Ru
Trog
Uskayaw
Vehumet
Wu Jian
Yredelemnul
The Shining One

Annotations:
D:7 Joseph


Innate Abilities, Weirdness & Mutations

You have a pair of horns on your head.
You reflexively headbutt those who attack you in melee.
Your mind is acute. (Int +4, Str/Dex -1)
Your system is resistant to poisons. (rPois)
Your natural rate of healing is unusually fast.


Message History

Trog accepts your kill.
Joseph unwields a +0 quarterstaff.
Joseph wields a +0 sling.
Joseph shoots a sling bullet.
The sling bullet hits you! The gnoll closely misses you.
Joseph shoots a sling bullet.
The sling bullet hits you but does no damage.
You feel a strong urge to attack something.
You slash the gnoll!
The gnoll is severely wounded.
You block the gnoll's attack.
You slash the gnoll!
You kill the gnoll!
Trog accepts your kill.
Joseph shoots a sling bullet.
The sling bullet hits you!
Okay, then.
You are too berserk!
Joseph unwields a +0 sling.
Joseph wields a +0 quarterstaff.
Joseph hits you with a +0 quarterstaff!
Things that are here:
a +0 halberd; 14 gold pieces; a gnoll corpse You slash Joseph!
Joseph is lightly wounded.
You block Joseph's attack.
You hit Joseph.
Joseph is lightly wounded.
You are no longer berserk.
You are exhausted.
You feel yourself slow down. Joseph hits you with a +0 quarterstaff.
You feel better.
Joseph hits you with a +0 quarterstaff! x2
* * * LOW HITPOINT WARNING * * *
Unknown command.
As you read the scroll of fog, it crumbles to dust.
The scroll dissolves into smoke.
You block Joseph's attack. x2
Joseph hits you with a +0 quarterstaff.
* * * LOW HITPOINT WARNING * * *
Joseph attacks as you move away! Joseph hits you with a +0 quarterstaff!
* * * LOW HITPOINT WARNING * * *
Joseph unwields a +0 quarterstaff.
Joseph wields a +0 sling.
Joseph shoots a sling bullet.
The sling bullet hits you!
You die...

.. ........ #.
##....... #. ........
####.#####.##...
...............#######
#§§§....###........
#@§§.<..)....#
#§####.#####.# #@#
#(### # #§# #.@.#
#.......#)# #
#..######.# .@.
#..######@###...##
#...........g....#
##.##########....# #.#
..$ #.. #


You could see Joseph (fast).

Vanquished Creatures
  2 sky beasts
  An ogre (D:5)
  A black bear (D:6)
  2 scorpions
  2 gnoll sergeants
  A howler monkey (D:4)
  A quasit (D:7)
  A hound (D:6)
  4 jellies
  2 iguanas
  3 orc wizards (D:4)
  16 gnolls
  A river rat (Sewer)
  6 adders
  2 shadow imps (D:7)
  A white imp (D:7)
  2 ufetubi (D:7)
  3 worms
  A dart slug (D:4)
  3 orcs
  12 endoplasms
  8 giant cockroaches
  9 goblins
  5 hobgoblins
  8 jackals
  5 quokkas
  7 ball pythons
  4 bats
  10 frilled lizards
  7 kobolds
  8 rats
138 creatures vanquished.

Vanquished Creatures (others)
  A wizard (D:4)
  A demonic plant (D:7)
2 creatures vanquished.

Grand Total: 140 creatures vanquished

Notes
Turn   | Place    | Note
-------+----------+-------------------------------------------
     0 | D:1      | groxkiller the Minotaur Berserker began the quest for the
                  | Orb.
     0 | D:1      | Reached XP level 1. HP: 19/19 MP: 0/0
   332 | D:1      | Reached XP level 2. HP: 23/27 MP: 1/1
   455 | D:1      | Reached skill level 4 in Long Blades
   792 | D:1      | Reached XP level 3. HP: 24/33 MP: 2/2
  1227 | D:1      | Found a faded altar of an unknown god.
  1580 | D:2      | Reached ** piety under Trog
  2057 | D:2      | Reached XP level 4. HP: 40/40 MP: 3/3
  3011 | D:3      | Reached skill level 5 in Long Blades
  3142 | D:3      | Identified the +0 leather armour "Pod Wix" {rPois rC+
                  | Int+2}
  3282 | D:3      | Gained mutation: Your natural rate of healing is unusually
                  | fast. [potion of mutation]
  3282 | D:3      | Gained mutation: Your mind is acute. (Int +4, Str/Dex -1)
                  | [potion of mutation]
  3282 | D:3      | Gained mutation: You have very sharp teeth. [potion of
                  | mutation]
  3282 | D:3      | Gained mutation: You have sharp fingernails. [potion of
                  | mutation]
  3555 | D:4      | Reached XP level 5. HP: 47/47 MP: 4/4
  3679 | D:4      | Reached *** piety under Trog
  3718 | D:4      | Reached skill level 6 in Long Blades
  3718 | D:4      | Reached XP level 6. HP: 53/53 MP: 5/5
  3802 | D:4      | Found a bloodstained altar of Trog.
  3805 | D:4      | Noticed a wizard
  3810 | D:4      | Killed a wizard
  4617 | D:5      | Entered Level 5 of the Dungeon
  4779 | D:5      | Reached skill level 5 in Fighting
  4922 | D:5      | Found a staircase to the Ecumenical Temple.
  5035 | D:5      | Noticed an ice beast
  5049 | D:5      | Noticed a sky beast
  5049 | D:5      | an ice beast changed into a sky beast
  5054 | D:5      | Killed a sky beast
  5055 | D:5      | Reached skill level 5 in Armour
  5055 | D:5      | Reached skill level 1 in Shields
  5055 | D:5      | Reached XP level 7. HP: 62/62 MP: 6/6
  5432 | Temple   | Entered the Ecumenical Temple
  5654 | D:6      | Reached skill level 7 in Long Blades
  5679 | D:6      | Found a glowing drain.
  5701 | Sewer    | Entered a sewer
  5825 | Sewer    | Lost mutation: You have sharp fingernails. [potion of
                  | mutation]
  5825 | Sewer    | Lost mutation: You have very sharp teeth. [potion of
                  | mutation]
  5825 | Sewer    | Gained mutation: Your system is resistant to poisons.
                  | (rPois) [potion of mutation]
  5850 | Sewer    | Found a viscous altar of Jiyva.
  6006 | D:6      | Found an ancient bone altar of Kikubaaqudgha.
  6207 | D:6      | Reached XP level 8. HP: 32/70 MP: 7/7
  6409 | D:6      | Found a glowing golden altar of the Shining One.
  6457 | D:6      | Reached skill level 8 in Long Blades
  6510 | D:6      | Found a hazy altar of Hepliaklqana.
  6791 | D:7      | Noticed Joseph
  7124 | D:7      | Shot with a sling bullet by Joseph

Illustrated notes

Levels and vault maps discovered:
D:1:      lightli_arrival_noodles, layout_basic, ebering_ecumenical_altar_mist,
          kennysheep_nondescript
D:2:      layout_loops_ring, dk_noncrumbling_3
D:3:      minmay_chambers_of_twos, layout_basic, minmay_misc_feat_alley
D:4:      layout_basic, trog_wizard, serial_forest, infiniplex_forest_end_2,
          infiniplex_forest_clump_small, infiniplex_forest_zigzag_1,
          infiniplex_forest_clump_long, infiniplex_forest_corner_1,
          infiniplex_forest_fountain, infiniplex_forest_straight_2
D:5:      layout_basic, minmay_temple_entry_large_hall
D:6:      layout_loops_ring, tso_oasis_becter, kiku_gazebo_pond_becter,
          nicolae_overflow_crystal_walls, cheibrodos_sewer_entry_drain,
          st_stairs_3, minmay_misc_feat_diagonals,
          hangedman_abyss_or_decor_lesser_grid
D:7:      layout_loops_ring, doesnt_xom_only_xom, serial_demonic,
          serial_demonic_c, serial_demonic_d, serial_demonic_a,
          serial_demonic_b, serial_demonic_c, serial_shops,
          kennysheep_little_box, uniq_maggie, uniq_joseph
Temple:   nicolae_temple_bog_church

Skill      XL: |  1  2  3  4  5  6  7  8 |
---------------+-------------------------+-----
Fighting       | 4 5 6 |  6.6
Long Blades    | 4 5 6 7 8 |  8.2
Dodging        | 3 |  3.5
Armour         | 3 4 5 6 |  6.7
Shields        | 1 2 |  2.4
Throwing       | |  0.3
Stealth        | |  0.8
Evocations     | |  0.2

Action                   |  1- 3 |  4- 6 |  7- 9 || total
-------------------------+-------+-------+-------++-------
Melee: Falchion          |    84 |   159 |   186 ||   429
       Headbutt          |    10 |    29 |    22 ||    61
       Bite              |       |    18 |     1 ||    19
Throw: Stone             |     6 |     8 |     5 ||    19
Invok: Berserk           |     1 |     3 |     3 ||     7
       Trog's Hand       |       |       |     2 ||     2
Evoke: Wand              |       |     3 |       ||     3
  Use: Scroll            |       |    18 |     6 ||    24
       Potion            |       |     1 |     4 ||     5
Armor: Animal skin       |     3 |       |       ||     3
       Chain mail        |    24 |    73 |   145 ||   242
       Ring mail         |     1 |       |       ||     1
Dodge: Dodged            |    46 |    60 |    70 ||   176
Block: Kite shield       |       |    17 |    88 ||   105
